 Dungeon Crawl Stone Soup version 0.31.0-32-g396128a36d (webtiles) character file.

Game seed: 16017976462822801443

40 adelrune the Trooper (level 3, -6/37 HPs)
             Began as an Oni Warper on Apr 3, 2024.
             Incinerated by a bombardier beetle (7 damage)
             ... with a burning spray
             ... on level 2 of the Dungeon.
             The game lasted 00:02:30 (1061 turns).

adelrune the Trooper (Oni Warper)                   Turns: 1061, Time: 00:02:31

Health: -6/37      AC:  4    Str: 15    XL:     3   Next: 50%
Magic:  6/6        EV:  9    Int: 16    God:
Gold:   51         SH:  0    Dex:  8    Spells: 6/6 levels left

rFire   . . .        a - +0 mace
rCold   . . .        (no shield)
rNeg    . . .        b - +0 robe
rPois   .            (helmet restricted)
rElec   .            i - +0 cloak
rCorr   .            (gloves unavailable)
SInv    .            (boots unavailable)
Will    .....        (no amulet)
Stlth   +            (no ring)
HPRegen 0.26/turn    (no ring)
MPRegen 0.10/turn

%: no passive effects
@: on fire, glowing
A: large, unfitting armour, horns 1, tough skin 1, double potion healing,
drunken brawling
a: no special abilities


You were on level 2 of the Dungeon.
You visited 1 branch of the dungeon, and saw 2 of its levels.

You collected 51 gold pieces.

Inventory:

Hand Weapons
 a - a +0 mace (weapon)
Missiles
 d - 7 darts of dispersal (quivered)
 h - 5 poisoned darts
Armour
 b - a +0 robe (worn)
 i - a +0 cloak (worn)
Scrolls
 c - a scroll of blinking
 e - 2 scrolls of identify {unknown}
 f - a scroll of teleportation {unknown}
 j - a scroll of enchant armour {unknown}
Potions
 g - a potion of lignification {unknown}


   Skills:
 + Level 3.4 Fighting
 * Level 3.1 Maces & Flails
 - Level 1.0 Throwing
 - Level 2.1 Dodging
 - Level 2.4 Spellcasting
 + Level 3.0 Translocations


You had 6 spell levels left.
You didn't know any spells.
Your spell library contained the following spells:

 Spells                   Type           Power      Damage    Failure   Level
 Blink                    Tloc           22%        N/A       9%          2
 Lesser Beckoning         Tloc           22%        N/A       9%          2
 Teleport Other           Tloc           11%        N/A       17%         3
 Manifold Assault         Tloc           11%        N/A       50%         4
 Passage of Golubria      Tloc           11%        N/A       50%         4
 Tukima's Dance           Hex            1%         N/A       52%         3
 Vhi's Electric Charge    Tloc/Air       12%        N/A       71%         4
 Yara's Violent Unravell  Hex/Alch       0%         3d3       99%         5


Dungeon Overview and Level Annotations

Branches:
Dungeon (2/15)

Altars:


Innate Abilities, Weirdness & Mutations

You are too large for most types of armour.
You have a pair of small horns on your head.
You have tough skin. (AC +1)
You gain doubled healing and magic from potions.
Whenever you drink a healing potion, you attack all around you.


Message History

The bombardier beetle sprays incendiary fluid at you.
The burning spray hits you.
You are even more covered in liquid fire!
You barely miss the bombardier beetle.
You headbutt the bombardier beetle, but do no damage.
The liquid fire burns you!
You shake off some of the fire as you move.
The liquid fire burns you!
The bombardier beetle sprays incendiary fluid at you.
The burning spray hits you.
You are even more covered in liquid fire!
You shake off some of the fire as you move.
The liquid fire burns you! The bombardier beetle bites you.
You shake off some of the fire as you move.
The liquid fire burns you!
Found 5 gold pieces.
You shake off some of the fire as you move.
The liquid fire burns you!
* * * LOW HITPOINT WARNING * * *
The bombardier beetle completely misses you.
You shake off some of the fire as you move.
The liquid fire burns you!
* * * LOW HITPOINT WARNING * * *
You hit the bombardier beetle.
The bombardier beetle is lightly wounded.
The liquid fire burns you!
* * * LOW HITPOINT WARNING * * *
The bombardier beetle bites you but does no damage.
You closely miss the bombardier beetle. You headbutt the bombardier beetle.
The bombardier beetle is heavily wounded.
The liquid fire burns you!
* * * LOW HITPOINT WARNING * * *
The bombardier beetle sprays incendiary fluid at you.
The burning spray hits you.
You are even more covered in liquid fire!
You hit the bombardier beetle but do no damage.
The bombardier beetle is heavily wounded.
The liquid fire burns you!
You die...

#$# # #.## #.
#... #. #..
##.##.#
####...#.#
.....#...#
#....@.## .
#.#.#B..##....
#..†..........
#.#.#.#.#####.
#........#
.######.#####..#
...............#
.######.######.#
#.......# .#


You could see a bombardier beetle.

Vanquished Creatures
  3 bats (D:1)
  5 endoplasms
  4 giant cockroaches (D:1)
  4 goblins
  2 hobgoblins (D:1)
  3 kobolds
  2 quokkas (D:1)
  6 ball pythons
  3 frilled lizards (D:1)
  3 rats (D:1)
35 creatures vanquished.

Notes
Turn   | Place    | Note
-------+----------+-------------------------------------------
     0 | D:1      | adelrune the Oni Warper began the quest for the Orb.
     0 | D:1      | Reached XP level 1. HP: 22/22 MP: 3/3
    62 | D:1      | Reached XP level 2. HP: 31/31 MP: 5/5
   506 | D:1      | Reached XP level 3. HP: 33/37 MP: 6/6
   883 | D:2      | Identified the +4 dagger of Halid {chaos, rC- Int+4 Stlth+}
  1060 | D:2      | HP: 1/37 [burnt (4)]
  1061 | D:2      | Incinerated by a bombardier beetle

Illustrated notes

Levels and vault maps discovered:
D:1:      spicycebolla_green_bress_n_ham, layout_loops_ring,
          minmay_misc_feat_chi
D:2:      layout_loops_ring

Skill      XL: |  1  2  3 |
---------------+----------+-----
Fighting       | 3 |  3.4
Translocations | 3 |  3.0
Maces & Flails | 3 |  3.1
Throwing       | |  1.0
Dodging        | |  2.1
Spellcasting   | |  2.4

Action                     || total
---------------------------++-------
  Melee: Mace              ||    97
         Headbutt          ||    12
 Armour: Robe              ||    70
  Dodge: Dodged            ||    47
